 Dungeon Crawl Stone Soup version 0.30-a0-1176-gcdfb0321a8 (webtiles) character file.

Game seed: 11386369522140766545

136 Rrauwl the Magician (level 4, -3/36 HPs)
             Began as a Draconian Hedge Wizard on Apr 30, 2023.
             Slain by an orc
             ... wielding a +0 flail
              (5 damage)
             ... on level 3 of the Dungeon.
             The game lasted 00:07:17 (1842 turns).

Rrauwl the Magician (Draconian Hedge Wizard)        Turns: 1842, Time: 00:07:18

Health: -3/36      AC:  7    Str: 13    XL:     4   Next: 98%
Magic:  8/8        EV: 12    Int: 16    God:
Gold:   123        SH:  0    Dex: 10    Spells: 4/9 levels left

rFire   . . .        a - +0 dagger (venom)
rCold   . . .        (no shield)
rNeg    . . .        (body armour unavailable)
rPois   +            b - +0 hat
rElec   +            (no cloak)
rCorr   .            f - +0 pair of gloves "Jibbiw" {rElec rPois Will+ Slay+2}
SInv    .            d - +0 pair of boots {Fly}
Will    +....        (no amulet)
Stlth   ++           (no ring)
HPRegen 0.26/turn    (no ring)
MPRegen 0.11/turn

%: no passive effects
@: mighty, flying
A: AC +5, unfitting armour, cold-blooded
a: no special abilities


You were on level 3 of the Dungeon.
You visited 1 branch of the dungeon, and saw 4 of its levels.

You collected 123 gold pieces.

Inventory:

Hand Weapons
 a - a +0 dagger of venom (weapon)
Armour
 b - a +0 hat (worn)
 d - a +0 pair of boots of flying (worn)
 f - the +0 pair of gloves "Jibbiw" (worn) {rElec rPois Will+ Slay+2}
   (You acquired it on level 1 of the Dungeon)

   Slay:      It affects your accuracy & damage with ranged weapons and melee
   (+2).
   rElec:     It insulates you from electricity.
   rPois:     It protects you from poison.
   Will:      It increases your willpower.
Jewellery
 g - an amulet of faith
Scrolls
 e - a scroll of identify
Potions
 c - 3 potions of magic


   Skills:
 - Level 2.0 Fighting
 + Level 2.2 Dodging
 - Level 2.0 Stealth
 - Level 3.0 Spellcasting
 - Level 2.0 Conjurations
 - Level 2.0 Summonings
 - Level 2.0 Translocations
 - Level 2.0 Evocations


You had 4 spell levels left.
You knew the following spells:

 Your Spells              Type           Power      Damage    Failure   Level
a - Magic Dart            Conj           32%        1d4       9%          1
b - Blink                 Tloc           16%        N/A       12%         2
c - Call Imp              Summ           16%        N/A       12%         2

Your spell library contained the following spells:

 Spells                   Type           Power      Damage    Failure   Level
 Slow                     Hex            8%         N/A       19%         1
 Cigotuvi's Dreadful Rot  Necr/Pois/Air  4%         N/A       28%         2
 Mephitic Cloud           Conj/Pois/Air  4%         N/A       41%         3


Dungeon Overview and Level Annotations

Branches:
Dungeon (4/15)
 Temple: D:4-7

Altars:
Gozag


Innate Abilities, Weirdness & Mutations

Your plain brown scales are hard. (AC +5)
You cannot fit into any form of body armour.
You are cold-blooded and may be slowed by cold attacks.


Message History

(D) Dungeon
Where to? (Enter - D:4 @ (x,y), ? - help)
Things that are here:
a +0 club; a goblin skeleton
There is a stone staircase leading down here.
You fly downwards.
Found a leather armour.
There is a stone staircase leading up here.
g - an amulet of faith You see here a +3 hand axe.
An orc priest comes into view. It is wielding a +0 hand axe.
An orc priest comes into view. It is wielding a +2 mace of protection.
You feel very mighty all of a sudden.
The orc priest shouts!
You hear a shout! x2
The orc priest invokes the aid of Beogh against you.
Beogh smites you! 3 orcs come into view.
The orc shouts! x2
The orc priest hits you with a +0 hand axe!
The orc moves out of view.
You hit the orc priest.
The orc priest is poisoned.
The orc priest is moderately wounded.
The orc priest calls down the wrath of Beogh upon you.
Beogh smites you!
* * * LOW HITPOINT WARNING * * *
The orc priest hits you but does no damage.
Okay, then.
Okay, then.
You puncture the orc priest!
The orc priest looks as sick as possible!
The orc priest is almost dead.
You kill the orc priest!
Training target 2.0 for Evocations reached!
Your Evocations skill increases to level 2!
You need to enable at least one skill for training.
You barely miss the orc. The orc closely misses you.
You hit the orc.
The orc is heavily wounded.
The orc hits you with a +0 flail.
You die...

[..### ....
.#...####### ...
####<....... .. ##
######### .#
.############# ##.#
.............###..##.##
############..........#
#####.###... #@# #o#


oo# ####. .### ..... .# ####. .. .# .. .# .# ... You could see an orc priest and
2 orcs.

Vanquished Creatures
  An orc priest (D:3)
  Terence (D:2)
  Robin (D:2)
  3 adders (D:2)
  2 dart slugs
  An orc (D:4)
  A ball python (D:1)
  3 bats (D:2)
  2 endoplasms
  2 giant cockroaches (D:1)
  9 goblins
  6 hobgoblins
  3 frilled lizards
  2 kobolds (D:1)
  5 rats
  A spectral hobgoblin (D:1)
43 creatures vanquished.

Vanquished Creatures (collateral kills)
  A goblin (D:2)
  A hobgoblin (D:2)
2 creatures vanquished.

Grand Total: 45 creatures vanquished

Notes
Turn   | Place    | Note
-------+----------+-------------------------------------------
     0 | D:1      | Rrauwl the Draconian Hedge Wizard began the quest for the
                  | Orb.
     0 | D:1      | Reached XP level 1. HP: 14/14 MP: 4/4
   192 | D:1      | Reached skill level 1 in Fighting
   258 | D:1      | Reached XP level 2. HP: 22/23 MP: 6/6
   362 | D:1      | Learned a level 2 spell: Blink
   365 | D:1      | Learned a level 2 spell: Call Imp
   578 | D:1      | Identified a scroll of acquirement
   579 | D:1      | Acquired the +0 pair of gloves "Jibbiw" {rElec rPois Will+
                  | Slay+2}
   604 | D:1      | Found a faded altar of an unknown god.
   948 | D:2      | You are sucked into a shaft and drop 2 floors!
  1029 | D:2      | Reached XP level 3. HP: 29/29 MP: 7/7
  1075 | D:2      | Noticed Terence
  1090 | D:2      | Killed Terence
  1291 | D:2      | Found an opulent altar of Gozag.
  1304 | D:2      | Reached XP level 4. HP: 36/36 MP: 8/8
  1380 | D:2      | Noticed Robin
  1425 | D:2      | Killed Robin
  1428 | D:2      | Reached skill level 1 in Evocations
  1839 | D:3      | HP: 1/36 [orc priest/divine providence (16)]
  1842 | D:3      | Slain by an orc

Illustrated notes

Levels and vault maps discovered:
D:1:      amcnicky_arrival_single_pillar, layout_loops_cross,
          dreamdust_ecumenical_altar_drowned_temple
D:2:      layout_loops_ring, basic_altar, uniq_terence, uniq_robin
D:3:      layout_rooms
D:4:      layout_cave_pools, okawaru_trees_2

Skill      XL: |  1  2  3  4 |
---------------+-------------+-----
Dodging        | 2 |  2.2
Stealth        | 2 |  2.0
Fighting       | 1 2 |  2.0
Summonings     | 2 |  2.0
Conjurations   | 2 |  2.0
Translocations | 2 |  2.0
Evocations     | 2 |  2.0
Spellcasting   | |  3.0

Action                     |  1- 3 |  4- 6 || total
---------------------------+-------+-------++-------
  Melee: Dagger            |    80 |     4 ||    84
         Tailslap          |    17 |     3 ||    20
         Falchion          |    39 |    42 ||    81
         Punch             |     2 |       ||     2
   Cast: Blink             |       |     1 ||     1
         Call Imp          |       |     1 ||     1
    Use: Scroll            |     3 |     1 ||     4
         Potion            |     2 |     1 ||     3
   Stab: Sleeping          |     2 |     1 ||     3
 Armour: Skin              |    33 |    14 ||    47
  Dodge: Dodged            |    68 |    33 ||   101

Table legend: (Time is in decaauts)
 A = Elapsed time spent in this place.
 B = Non-inter-level travel time spent in this place.
 C = Inter-level travel time spent in this place.
 D = Time resting spent in this place.
 E = Time spent auto-exploring this place.
 F = Levels seen in this place.
 G = Mean time per level.
                   A        B        C        D        E       F      G
               +--------+--------+--------+--------+--------+-----+--------+
         Total |   1866 |   1825 |     41 |    176 |   1218 |   4 |  466.5 |
       Dungeon |   1866 |   1825 |     41 |    176 |   1218 |   4 |  466.5 |
               +--------+--------+--------+--------+--------+-----+--------+

Top non-repeatable levels by time:
     D:1: 998 daAuts
     D:2: 751 daAuts
     D:3: 100 daAuts
     D:4: 16 daAuts
